 Dungeon Crawl Stone Soup version 0.20-a0-1089-g3fde505 (webtiles) character file.

18724 Gruud the Carver (level 12, -2/78 HPs)
             Began as a Demonspawn Gladiator on May 2, 2017.
             Was a Follower of Uskayaw.
             Slain by a sun demon (12 damage)
             ... in a volcano.
             The game lasted 00:49:30 (14542 turns).

Gruud the Carver (Demonspawn Gladiator)            Turns: 14542, Time: 00:49:31

Health: -2/78      AC: 31    Str: 27    XL:     12   Next: 30%
Magic:  0/19       EV: 14    Int: 12    God:    Uskayaw [*.....]
Gold:   963        SH:  0    Dex: 15    Spells: 8/11 levels left

rFire    . . .     SeeInvis .   a - +1 great sword
rCold    + + +     Gourm    .   (shield currently unavailable)
rNeg     . . .     Faith    .   C - +0 scale mail (curse)
rPois    .         Spirit   +   c - +2 helmet
rElec    .         Reflect  .   p - +2 cloak
rCorr    .         Harm     .   L - +2 pair of gloves
MR       .....                  (boots unavailable)
Stlth    ..........             (no amulet)
Regen    0.3/turn               S - +5 ring of strength
MPRegen  0.2/turn               u - +2 ring of protection

@: mighty, sanguine armour, hasted, very quick
A: hooves 3, cold resistance 3, magic shield, sanguine armour 3
a: Stomp, Renounce Religion


You were in a volcano.
You worshipped Uskayaw.
Uskayaw was aware of your devotion.
You were not hungry.

You visited 2 branches of the dungeon, and saw 14 of its levels.
You also visited: Volcano.

You collected 963 gold pieces.

Inventory:

Hand Weapons
 a - a +1 great sword (weapon)
 b - a +0 blowgun
 x - a +2 dagger of electrocution
 y - a +1 short sword of venom
Missiles
 i - 13 javelins (quivered)
 t - 2 tomahawks of returning
 A - 68 poisoned needles
 M - a throwing net
 P - a curare-tipped needle
Armour
 c - a +2 helmet (worn)
 p - a +2 cloak (worn)
 C - a cursed +0 scale mail (worn)
 D - a +3 leather armour of cold resistance
 L - a +2 pair of gloves (worn)
 N - the +0 robe of Peek-a-Boo {rElec}
   (You found it on level 8 of the Dungeon)

   It insulates you from electricity.
Jewellery
 u - a +2 ring of protection (right hand)
 S - a +5 ring of strength (left hand)
Wands
 n - a wand of paralysis (3/24)
 O - a wand of iceblast (4/15)
Scrolls
 d - 4 scrolls of recharging
 h - 2 scrolls of enchant armour
 l - 4 scrolls of blinking
 o - 10 scrolls of teleportation
 H - 6 scrolls of amnesia
 J - 3 scrolls of remove curse
 Q - a scroll of fear
Potions
 e - 7 potions of curing
 j - 3 potions of lignification
 m - 4 potions of brilliance
 q - 3 potions of flight
 r - 3 potions of haste
 s - 2 potions of heal wounds
 v - 2 potions of mutation {unknown}
 z - a potion of ambrosia {unknown}
 B - a potion of might
 E - a potion of berserk rage {unknown}
 G - 2 potions of agility {unknown}
 U - 3 potions of cancellation
Books
 I - a book of Necromancy

   Spells                             Type                      Level
   a - Pain                           Necromancy                   1
   b - Animate Skeleton               Necromancy                   1
   c - Vampiric Draining              Necromancy                   3
   d - Regeneration                   Charms/Necromancy            3
   e - Animate Dead                   Necromancy                   4
   f - Control Undead                 Necromancy                   4
 K - a book of Battle

   Spells                             Type                      Level
   a - Infusion                       Charms                       1
   b - Shroud of Golubria             Charms/Translocation         2
   c - Song of Slaying                Charms                       2
   d - Spectral Weapon                Hexes/Charms                 3
   e - Regeneration                   Charms/Necromancy            3
Comestibles
 f - 12 bread rations
 g - 7 meat rations
 w - 9 royal jellies


   Skills:
 - Level 2.0 Fighting
 * Level 14.5 Long Blades
 - Level 1.7 Throwing
 - Level 7.1 Armour
 + Level 5.7 Dodging
 + Level 10.3 Invocations


You had 8 spell levels left.
You knew the following spells:

 Your Spells              Type           Power        Failure   Level  Hunger
a - Regeneration          Chrm/Necr      #.........   90%         3    ####...


Dungeon Overview and Level Annotations

Branches:
Dungeon (11/15)            Temple (0/1) D:7            Lair (3/6) D:10
 Shoals (0/4) Lair:2       Spider (0/4) Lair:3          Orc (0/2) D:9

Altars:
Ashenzari
Dithmenos
Elyvilon
Fedhas
Makhleb
Nemelex Xobeh
Qazlal
Sif Muna
Uskayaw
Wu Jian
Xom
Yredelemnul

Annotations:
D:4 nht's ghost, amateur HOWn
D:6 1 runed door, 1 exclusion
D:8 Monsterracer's ghost, journeyman GrEE
D:9 exclusion: downstairs
D:10 exclusion: oklob plant, Erolcha


Innate Abilities, Weirdness & Mutations

You have hooves in place of feet.
Your flesh is almost immune to the effects of cold. (rC+++)
When hurt, damage is shared between your health and your magic reserves.
When seriously injured, your bleeding wounds create very thick armour. (AC +12)


Message History

The hell hound is lightly wounded.
The hell hound breathes flames at you. The blast of flame hits you!
Your blood congeals into armour.
The red devil misses you. The hell hound barely misses you.
Unknown command.
You feel very mighty all of a sudden.
The hell hound bites you but does no damage.
The red devil hits you but does no damage.
You feel yourself speed up. The hell hound barely misses you.
The sun demon hits you!!
You are engulfed in flames!
* * * LOW HITPOINT WARNING * * *
The red devil hits you from afar with a trident of flaming.
* * * LOW HITPOINT WARNING * * *
The red devil burns you.
* * * LOW HITPOINT WARNING * * *
The hell hound bites you but does no damage.
The sun demon hits you.
* * * LOW HITPOINT WARNING * * *
You are engulfed in flames!
You die...

##### #...#
****###8_8###****
*,,,+...4...+,,,*
**,,,**#.3h#**,,,**
*,,,,,###@###,,,,,*
*,,,,,#.....#,,,,,*
**,,,*#..∩..#*,,,**
*,,,,*#.....#*,,,*
******##...##*****
##+## **## #.#
**..##* ##.##
*.....*
#8.8#*#.....***


You could see a sun demon, a red devil and a hell hound.

Vanquished Creatures
  2 hydras
  2 two-headed ogres
  Pikel (D:7)
  An ugly thing (Volcano)
  A black mamba (Lair:2)
  2 spiny frogs
  4 komodo dragons
  4 trolls
  6 hippogriffs
  Grinder (D:6)
  Sigmund (D:6)
  6 yaks (Lair:1)
  A wyvern (D:8)
  Eustachio (D:5)
  A wraith (D:8)
  A basilisk (Lair:2)
  8 fire bats
  A vampire (D:9)
  Menkaure (D:7)
  Edmund (D:4)
  Duvessa (D:5)
  6 water moccasins
  4 porcupines
  4 orc warriors
  4 sky beasts
  3 slaves (D:7)
  A black bear (D:11)
  3 ice beasts
  3 necrophages
  5 ogres
  6 centaurs
  2 phantoms
  10 wolves
  7 crocodiles
  6 bullfrogs
  A big kobold (D:10)
  A wyvern zombie (D:11)
  Dowan (D:5)
  3 scorpions
  A wyvern skeleton (D:10)
  An electric eel (D:6)
  A wight (D:8)
  A howler monkey (D:5)
  2 crimson imps
  A quasit (D:9)
  5 lava snakes (Volcano)
  2 jellies
  2 centaur skeletons
  2 centaur zombies (D:11)
  5 hounds
  6 orc priests
  11 orc wizards
  5 human zombies (D:8)
  A bullfrog skeleton (D:10)
  2 iguanas (D:9)
  Ijyb (D:4)
  A human skeleton (D:8)
  7 worker ants
  A hound zombie (D:6)
  2 mummies (D:8)
  A howler monkey zombie (D:6)
  4 gnolls (D:5)
  2 howler monkey skeletons (D:4)
  9 adders
  4 shadow imps
  2 oozes
  3 adder zombies
  3 worms
  4 dart slugs
  4 leopard geckos
  22 orcs
  3 bats (D:1)
  5 giant cockroaches
  7 goblins
  7 hobgoblins
  11 jackals
  13 kobolds
  2 quokkas (D:3)
  2 frilled lizards (D:1)
  A jackal skeleton (D:8)
  A leopard gecko zombie (D:5)
  An orc skeleton (D:8)
  A quokka skeleton (D:6)
  10 rats
299 creatures vanquished.

Vanquished Creatures (others)
  An orc wizard (D:9)
  12 fungi (D:10)
  3 plants (D:10)
  5 toadstools (D:1)
21 creatures vanquished.

Grand Total: 320 creatures vanquished

Notes
Turn   | Place    | Note
-------+----------+-------------------------------------------
     0 | D:1      | Gruud the Demonspawn Gladiator began the quest for the Orb.
     0 | D:1      | Reached XP level 1. HP: 16/16 MP: 1/1
    78 | D:1      | Reached skill level 3 in Long Blades
   139 | D:1      | Gained mutation: You have large cloven feet. [demonic ancestry]
   139 | D:1      | Reached XP level 2. HP: 13/22 MP: 2/2
   577 | D:1      | Gained mutation: When seriously injured, your bleeding wounds create armour. (AC +12) [demonic ancestry]
   577 | D:1      | Reached XP level 3. HP: 27/27 MP: 3/3
   889 | D:2      | Reached skill level 4 in Long Blades
  1748 | D:3      | Found a stormy altar of Qazlal.
  1780 | D:3      | Gained mutation: Your flesh is cold resistant. (rC+) [demonic ancestry]
  1780 | D:3      | Reached XP level 4. HP: 31/33 MP: 4/4
  1824 | D:3      | Reached skill level 5 in Long Blades
  1905 | D:3      | Reached XP level 5. HP: 33/38 MP: 5/5
  2056 | D:3      | Found a sparkling altar of Nemelex Xobeh.
  2471 | D:4      | Found a shadowy altar of Dithmenos.
  2688 | D:4      | Noticed Edmund
  2707 | D:4      | Killed Edmund
  2707 | D:4      | Reached skill level 6 in Long Blades
  2707 | D:4      | Gained mutation: When hurt, damage is shared between your health and your magic reserves. [demonic ancestry]
  2707 | D:4      | Reached XP level 6. HP: 25/44 MP: 6/6
  2909 | D:4      | Noticed Ijyb
  2914 | D:4      | Paralysed by Ijyb for 5 turns
  2926 | D:4      | Paralysed by Ijyb for 6 turns
  2932 | D:4      | Killed Ijyb
  3036 | D:4      | Noticed nht's ghost (amateur HOWn)
  3045 | D:4      | Reached skill level 7 in Long Blades
  3180 | D:4      | Gained mutation: When seriously injured, your bleeding wounds create thick armour. (AC +12) [demonic ancestry]
  3180 | D:4      | Reached XP level 7. HP: 32/50 MP: 5/7
  3540 | D:5      | Entered Level 5 of the Dungeon
  3540 | D:5      | Found a shattered altar of Ashenzari.
  3563 | D:5      | Gained mutation: Your flesh is very cold resistant. (rC++) [mutagenic meat]
  3564 | D:5      | Gained mutation: Your flesh is almost immune to the effects of cold. (rC+++) [mutagenic meat]
  3637 | D:5      | Reached skill level 8 in Long Blades
  3912 | D:5      | Reached skill level 1 in Armour
  4045 | D:5      | Noticed Eustachio
  4081 | D:5      | Killed Eustachio
  4081 | D:5      | Gained mutation: You have hoof-like feet. [demonic ancestry]
  4081 | D:5      | Reached XP level 8. HP: 34/56 MP: 6/8
  4144 | D:5      | Reached skill level 9 in Long Blades
  4654 | D:5      | Noticed Duvessa
  4658 | D:5      | Noticed Dowan
  4739 | D:5      | Killed Duvessa
  4763 | D:5      | Killed Dowan
  5033 | D:5      | Found a basalt altar of Yredelemnul.
  5132 | D:6      | Noticed Grinder
  5156 | D:6      | Killed Grinder
  5219 | D:6      | Found a runed door.
  5277 | D:6      | Reached skill level 10 in Long Blades
  5283 | D:6      | Noticed Sigmund
  5295 | D:6      | Killed Sigmund
  5437 | D:6      | Gained mutation: When seriously injured, your bleeding wounds create very thick armour. (AC +12) [demonic ancestry]
  5437 | D:6      | Reached XP level 9. HP: 61/61 MP: 9/9
  5513 | D:6      | Learned a level 3 spell: Regeneration
  5849 | D:7      | Noticed Menkaure
  5935 | D:7      | Found a blossoming altar of Fedhas.
  5938 | D:7      | Found a deep blue altar of Sif Muna.
  5939 | D:7      | Found an ornate altar of the Wu Jian Council.
  5939 | D:7      | Found a hide-covered altar of Uskayaw.
  5949 | D:7      | Became a worshipper of Uskayaw the Reveler
  5983 | D:7      | Reached * piety under Uskayaw
  5987 | D:7      | Reached skill level 1 in Invocations
  5987 | D:7      | Reached ** piety under Uskayaw
  6150 | D:7      | Found a white marble altar of Elyvilon.
  6182 | D:7      | Killed Menkaure
  6543 | D:7      | Reached skill level 11 in Long Blades
  6543 | D:7      | Reached skill level 5 in Armour
  6543 | D:7      | Reached *** piety under Uskayaw
  6763 | D:7      | Noticed Pikel
  6792 | D:7      | Killed Pikel
  6850 | D:7      | Found a staircase to the Ecumenical Temple.
  7194 | D:8      | Got a tattered robe
  7241 | D:8      | Identified the +0 robe of Peek-a-Boo {rElec} (You found it on level 8 of the Dungeon)
  7332 | D:8      | Reached XP level 10. HP: 62/67 MP: 11/13
  7675 | D:8      | Noticed a two-headed ogre
  7708 | D:8      | Killed a two-headed ogre
  7708 | D:8      | Reached skill level 5 in Invocations
  7768 | D:8      | Found a burning altar of Makhleb.
  7790 | D:8      | Noticed Monsterracer's ghost (journeyman GrEE)
  7993 | D:8      | Reached skill level 12 in Long Blades
  8188 | D:8      | Reached **** piety under Uskayaw
  8197 | D:8      | Found a basalt altar of Yredelemnul.
  8206 | D:8      | Reached ***** piety under Uskayaw
  9082 | D:9      | HP: 3/67 [something/vampiric draining (10)]
  9345 | D:9      | Found a staircase to the Orcish Mines.
  9424 | D:9      | Noticed a two-headed ogre
  9443 | D:9      | Killed a two-headed ogre
  9857 | D:10     | Entered Level 10 of the Dungeon
  9869 | D:10     | Noticed Erolcha
  9923 | D:10     | Noticed an oklob plant
 10371 | D:11     | Gained mutation: You have hooves in place of feet. [demonic ancestry]
 10371 | D:11     | Reached XP level 11. HP: 69/72 MP: 14/16
 10794 | D:10     | Reached skill level 13 in Long Blades
 10947 | D:10     | Reached ****** piety under Uskayaw
 10962 | D:10     | Found a staircase to the Lair.
 11049 | D:11     | Noticed a five-headed hydra
 11068 | D:11     | Killed a five-headed hydra
 11298 | Lair:1   | Entered Level 1 of the Lair of Beasts
 12771 | Lair:2   | Reached skill level 14 in Long Blades
 13027 | Lair:2   | Found a staircase to the Shoals.
 13342 | Lair:2   | Reached skill level 5 in Dodging
 13342 | Lair:2   | Reached XP level 12. HP: 36/78 MP: 12/19
 13569 | Lair:2   | Found a shimmering altar of Xom.
 13981 | Lair:3   | Noticed a six-headed hydra
 13992 | Lair:3   | Killed a six-headed hydra
 14037 | Lair:3   | Reached skill level 10 in Invocations
 14127 | Lair:3   | Found a dark tunnel.
 14229 | Volcano  | Entered a volcano
 14538 | Volcano  | Found a burning altar of Makhleb.
 14542 | Volcano  | Slain by a sun demon

Vault maps used:
D:1:      ldierk_walled_garden, minmay_pentomino_x4
D:3:      nemelex_altar_shiori, grunt_ministairs_1, grunt_qazlal_clouds
D:4:      nicolae_overflow_crystal_walls, first_bread, uniq_edmund, uniq_ijyb
D:5:      ashenzari_conservatory_becter, kennysheep_mini, uniq_eustachio,
          uniq_duvessa
D:6:      minivault_10, kennysheep_diamond, uniq_grinder, uniq_sigmund,
          uniq_crazy_yiuf_cottage
D:7:      grunt_temple_overflow_open, elyvilon_altar_3,
          minmay_temple_entry_glass, grunt_ogre_cave, uniq_menkaure, uniq_pikel
D:8:      makhleb_grotto_becter, lemuel_mausoleum_altar_yredelemnul
D:9:      orc_0_dummy, st_stairs_9
D:10:     due_lair_maze_entry_diamond, disabler_island, uniq_erolcha
Lair:1:   grunt_megastairs_1
Lair:2:   minmay_shoals_entry_centaurs, basic_altar
Lair:3:   nicolae_spider_entry_non_spiders, nicolae_volcano_entry_batcave,
          lemuel_fruit_fields
Volcano:  volcano_grotto

Skill      XL: |  1  2  3  4  5  6  7  8  9 10 11 12 |
---------------+-------------------------------------+-----
Long Blades    | 3 4 5 6 7 8 10 11 12 14 | 14.5
Armour         | 1 4 5 6 7 |  7.1
Invocations    | 4 7 9 10 | 10.3
Dodging        | 5 |  5.7
Fighting       | |  2.0
Throwing       | |  1.7

Action                   |  1- 3 |  4- 6 |  7- 9 | 10-12 || total
-------------------------+-------+-------+-------+-------++-------
Melee: Long sword        |   111 |   142 |   451 |   381 ||  1085
       Kick              |    31 |    57 |   195 |   292 ||   575
       Blowgun           |       |       |     1 |       ||     1
       Great sword       |       |       |       |   354 ||   354
       Dagger            |       |       |       |    18 ||    18
 Fire: Blowgun           |       |    13 |    37 |    22 ||    72
Throw: Tomahawk          |     3 |       |       |       ||     3
       Throwing net      |       |     3 |     1 |       ||     4
       Javelin           |       |       |     3 |    17 ||    20
Invok: Stomp             |       |       |       |    10 ||    10
       Line Pass         |       |       |       |     2 ||     2
Evoke: Wand              |       |       |     1 |       ||     1
  Use: Scroll            |     5 |     6 |     7 |    13 ||    31
       Potion            |       |       |     5 |     8 ||    13
 Stab: Sleeping          |     3 |       |       |       ||     3
       Held in net/web   |       |     2 |     1 |       ||     3
       Paralysed         |       |       |    11 |    27 ||    38
       Confused          |       |       |       |     1 ||     1
  Eat: Chunk             |     2 |     6 |    15 |    15 ||    38
       Fruit             |       |       |       |    12 ||    12
       Royal jelly       |       |       |       |     1 ||     1
Armor: Leather armour    |     8 |    20 |   105 |   298 ||   431
       Ring mail         |    33 |    16 |       |       ||    49
       Chain mail        |       |       |    77 |       ||    77
       Scale mail        |       |       |       |    80 ||    80
Dodge: Dodged            |    67 |    81 |   206 |   477 ||   831
       Rpst.: Long sword |    22 |    28 |    60 |    45 ||   155
       Great sword       |       |       |       |    78 ||    78
